 Dungeon Crawl Stone Soup version 0.32-a0-747-gc8563f6773 (webtiles) character file.

Game seed: 4081823373977561230

11 Malificent the Ducker (level 2, 23/23 HPs)
             Began as a Djinni Gladiator on Mar 16, 2024.
             Quit the game on level 1 of the Dungeon on Mar 17, 2024.
             The game lasted 00:01:36 (201 turns).

Malificent the Ducker (Djinni Gladiator)             Turns: 201, Time: 00:01:37

Health: 23/23      AC:  4    Str: 13    XL:     2   Next: 40%
Gold:   20         EV: 11    Int:  9    God:
                   SH:  0    Dex: 14

rFire   + + .        a - +0 long sword
rCold   x . .        (no shield)
rNeg    . . .        b - +0 leather armour
rPois   ∞            c - +0 helmet
rElec   .            (no cloak)
rCorr   .            (no gloves)
SInv    .            (boots unavailable)
Will    .....        (no amulet)
Stlth   +            (no ring)
HPRegen 0.23/turn    (no ring)
MPRegen 0.00/turn

%: no passive effects
@: flying
A: sickness immunity, fire resistance 2, cold vulnerability 1, float, innate
caster, HP casting, extra vitality 1
a: no special abilities


You were on level 1 of the Dungeon.
You visited 1 branch of the dungeon, and saw 1 of its levels.

You collected 20 gold pieces.

Inventory:

Hand Weapons
 a - a +0 long sword (weapon)
Missiles
 d - 3 throwing nets (quivered)
 e - a javelin
Armour
 b - a +0 leather armour (worn)
 c - a +0 helmet (worn)
Scrolls
 f - a scroll of acquirement {unknown}
 g - a scroll of summoning {unknown}
 h - a scroll of immolation {unknown}
 j - a scroll of amnesia {unknown}
Potions
 i - a potion of resistance {unknown}


   Skills:
 + Level 2.1 Fighting
 + Level 2.9 Long Blades
 + Level 1.6 Throwing
 + Level 0.2 Armour
 + Level 3.5 Dodging You didn't know any spells. Your spell library was empty.

Dungeon Overview and Level Annotations

Branches:
Dungeon (1/15)

Altars:


Innate Abilities, Weirdness & Mutations

You are immune to sickness and miasma.
You are immune to poison.
Your flesh is very heat resistant. (rF++)
You are vulnerable to cold. (rC-)
You float through the air rather than walking.
You learn spells naturally, not from books.
Your magical power is your life essence.
You have superior vitality. (+4 MHP)


Message History

The hobgoblin is heavily wounded.
The hobgoblin closely misses you. The hobgoblin completely misses you.
You slash the hobgoblin!
You kill the hobgoblin!
You hit the hobgoblin.
The hobgoblin is almost dead.
The hobgoblin hits you.
You hit the hobgoblin.
You kill the hobgoblin!
You see here a +0 leather armour.
You see here a +0 leather armour.
Found a scroll labelled NENLOU TENEOM.
You now have 10 gold pieces.
A rat comes into view.
The rat squeaks loudly.
You see here a +0 leather armour.
The rat barely misses you.
You barely miss the rat. The rat bites you.
You hit the rat.
The rat is heavily wounded.
The rat completely misses you.
You hit the rat.
You kill the rat!
You see here 7 stones.
Found 3 gold pieces.
Found a stone staircase leading down.
You now have 17 gold pieces (gained 7).
You see here a ball python corpse.
f - a scroll labelled DYJENG MOKHULO You see here a ball python corpse.
Found a leather armour.
g - a scroll labelled NENLOU TENEOM
Found three items.
h - a scroll labelled DYKHU ZATI
i - a bubbling pink potion You now have 20 gold pieces (gained 3).
j - a scroll labelled QEBLUI DEIPOC Welcome back, Malificent the Djinni Gladiator.
Press ? for a list of commands and other information.
Are you sure you want to abandon this character and quit the game? (Confirm with "yes".)

#########.# #......##.#
#......##.# #......##.#
######
#......##.####@...#.#
+.......#.#.........#
#.......#.#.##.##.###
...................... [..
.##.##.##.#.#....##.####..
... #. #.#.#######.# #..
..# #. #.#.......#.###.#
.. .. #.#.......#.#.#.##
.. #.#..............#


There were no monsters in sight!

Vanquished Creatures
  2 ball pythons (D:1)
  A goblin (D:1)
  3 hobgoblins (D:1)
  A quokka (D:1)
  A kobold (D:1)
  2 rats (D:1)
10 creatures vanquished.

Notes
Turn   | Place    | Note
-------+----------+-------------------------------------------
     0 | D:1      | Malificent the Djinni Gladiator began the quest for the
                  | Orb.
     0 | D:1      | Reached XP level 1. HP: 18/18 MP: 0/0
   118 | D:1      | Reached XP level 2. HP: 20/23 MP: 0/0
   201 | D:1      | Upgraded the game from 0.32-a0-732-ga344392067 to
                  | 0.32-a0-747-gc8563f6773
   201 | D:1      | Quit the game

Illustrated notes

Levels and vault maps discovered:
D:1:      dpeg_arrival_rooms_b, layout_basic, st_stairs_8

Action                     || total
---------------------------++-------
  Melee: Long sword        ||    26
 Armour: Leather armour    ||    22
  Dodge: Dodged            ||    16

Table legend: (Time is in decaauts)
 A = Elapsed time spent in this place.
 B = Non-inter-level travel time spent in this place.
 C = Inter-level travel time spent in this place.
 D = Time resting spent in this place.
 E = Time spent auto-exploring this place.
 F = Levels seen in this place.
 G = Mean time per level.
                   A        B        C        D        E       F      G
               +--------+--------+--------+--------+--------+-----+--------+
         Total |    207 |    196 |     11 |     51 |     16 |   1 |  207.0 |
       Dungeon |    207 |    196 |     11 |     51 |     16 |   1 |  207.0 |
               +--------+--------+--------+--------+--------+-----+--------+

Top non-repeatable levels by time:
     D:1: 207 daAuts
